 Dungeon Crawl Stone Soup version 0.21.1-1-g345015f (webtiles) character file.

665 theElss the Cudgeler (level 7, -4/44 HPs)
             Began as a Gargoyle Berserker on Feb 12, 2018.
             Was a Believer of Trog.
             Killed by divine providence
             ... invoked by an orc priest
              (14 damage)
             ... on level 4 of the Dungeon.
             The game lasted 00:08:56 (2039 turns).

theElss the Cudgeler (Gargoyle Berserker)           Turns: 2039, Time: 00:08:58

Health: -4/44      AC: 19    Str: 21    XL:     7   Next: 57%
Magic:  7/7        EV:  7    Int:  8    God:    Trog [**....]
Gold:   197        SH:  0    Dex: 10    Spells: 6/6 levels left

rFire    . . .     SeeInvis .   a - +0 mace
rCold    . . .     Gourm    .   (no shield)
rNeg     + . .     Faith    .   k - +0 plate armour
rPois    ∞         Spirit   .   (no helmet)
rElec    +         Reflect  .   f - +0 cloak
rCorr    .         Harm     .   (no gloves)
MR       .....                  t - +0 pair of boots
Stlth    ..........             (no amulet)
HPRegen  0.14/turn              (no ring)
MPRegen  0.10/turn              (no ring)

@: berserk cooldown, slowed, very slow
A: negative energy resistance 1, electricity resistance, unbreathing,
petrification resistance, rot immunity, AC +4
a: Berserk, Trog's Hand, Burn Spellbooks, Renounce Religion


You were on level 4 of the Dungeon.
You worshipped Trog.
Trog was pleased with you.
You were hungry.

You visited 1 branch of the dungeon, and saw 4 of its levels.

You collected 197 gold pieces.

Inventory:

Hand Weapons
 a - a +0 mace (weapon)
Armour
 b - a +0 animal skin
 f - a +0 cloak (worn)
 k - a +0 plate armour (worn)
 t - a +0 pair of boots (worn)
Jewellery
 q - an uncursed ring of protection from cold {unknown}
Scrolls
 e - 2 scrolls of remove curse {unknown}
 g - a scroll of immolation {unknown}
 h - 7 scrolls of identify {unknown}
 i - 2 scrolls of enchant armour {unknown}
 j - a scroll of enchant weapon {unknown}
 l - 2 scrolls of fear {unknown}
 p - a scroll of teleportation {unknown}
 r - a scroll of magic mapping {unknown}
 s - a scroll of fog {unknown}
Potions
 d - a potion of invisibility {unknown}
 m - a potion of heal wounds {unknown}
 n - a potion of mutation {unknown}
Comestibles
 c - 6 rations
 o - 6 chunks of flesh


   Skills:
 + Level 5.0 Fighting
 + Level 6.5 Maces & Flails
 + Level 4.4 Armour
 + Level 2.4 Dodging
 + Level 0.3 Stealth


You had 6 spell levels left.
You didn't know any spells.

Dungeon Overview and Level Annotations

Branches:
Dungeon (4/15)
 Temple: D:4-7

Altars:


Innate Abilities, Weirdness & Mutations

You are resistant to torment.
Your stone body is resilient. (AC +4)
You are immune to poison.
You resist negative energy. (rN+)
You are resistant to electric shocks. (rElec)
You can survive without breathing.
You are immune to petrification.
You are immune to rotting.


Message History

The orc closely misses you. The orc hits you but does no damage.
The giant cockroach closely misses you. The orc priest completely misses you.
The orc wizard hits you with a dagger. The orc barely misses you.
The orc hits you but does no damage. The orc closely misses you.
The giant cockroach bites you but does no damage.
Unknown command.
The orc wizard hits you but does no damage.
The orc priest mumbles some strange prayers to Beogh against you.
Beogh smites you!
* * * LOW HITPOINT WARNING * * *
The orc barely misses you. The orc hits you but does no damage.
The giant cockroach bites you but does no damage.
The orc hits you but does no damage. The orc barely misses you.
The orc wizard casts a spell.
The orc wizard seems to speed up.
The orc wizard mumbles some strange words.
The orc wizard seems to speed up.
The orc priest mumbles some strange prayers to Beogh against you.
Beogh smites you!
You die...

#..$..#.............#
#.....#........<....#
#...................#
#.zz)............#
.Z.z..z.#).......##.###
.....o.##........# ..#
....... ###...#### #.#
.......###oo.## .#
......#.os@o## .#
........oooo#
..........Z...
.....####### ..... ....
.... ...


You could see an orc priest, 2 orc wizards, 5 orcs, a giant cockroach and an
adder skeleton.

Vanquished Creatures
  Sigmund (D:3)
  A sky beast (D:3)
  5 wights (D:4)
  Jessica (D:3)
  A worker ant (D:4)
  An orc wizard (D:4)
  6 adders
  An ooze (D:2)
  4 worms
  4 dart slugs
  5 leopard geckos
  An orc (D:3)
  A ball python (D:3)
  A giant cockroach (D:2)
  5 goblins
  8 hobgoblins
  2 quokkas
  8 bats
  3 frilled lizards
  7 kobolds
  8 rats
74 creatures vanquished.

Notes
Turn   | Place    | Note
-------+----------+-------------------------------------------
     0 | D:1      | theElss the Gargoyle Berserker began the quest for the Orb.
     0 | D:1      | Reached XP level 1. HP: 14/14 MP: 1/1
   276 | D:1      | Reached XP level 2. HP: 19/19 MP: 2/2
   704 | D:2      | Reached XP level 3. HP: 24/24 MP: 3/3
  1002 | D:2      | Reached XP level 4. HP: 29/29 MP: 4/4
  1023 | D:2      | Reached skill level 4 in Maces & Flails
  1087 | D:2      | Reached ** piety under Trog
  1183 | D:3      | Noticed Jessica
  1314 | D:3      | Noticed a sky beast
  1326 | D:3      | Killed a sky beast
  1326 | D:3      | Reached XP level 5. HP: 34/34 MP: 5/5
  1569 | D:3      | Killed Jessica
  1569 | D:3      | Reached skill level 5 in Maces & Flails
  1569 | D:3      | Reached XP level 6. HP: 39/39 MP: 6/6
  1574 | D:3      | Noticed Sigmund
  1584 | D:3      | Killed Sigmund
  1900 | D:4      | Reached XP level 7. HP: 44/44 MP: 7/7
  1904 | D:4      | Reached skill level 6 in Maces & Flails
  2026 | D:4      | Reached skill level 5 in Fighting
  2039 | D:4      | Killed from afar by an orc priest

Skill      XL: |  1  2  3  4  5  6  7 |
---------------+----------------------+-----
Fighting       | 4 5 |  5.0
Maces & Flails | 4 5 6 |  6.5
Dodging        | 2 |  2.4
Armour         | 3 4 |  4.4
Stealth        | |  0.3

Action                   |  1- 3 |  4- 6 |  7- 9 || total
-------------------------+-------+-------+-------++-------
Melee: Mace              |   116 |   111 |    39 ||   266
Invok: Berserk           |       |     3 |     1 ||     4
  Eat: Chunk             |     1 |     4 |     2 ||     7
Armor: Animal skin       |    31 |       |       ||    31
       Plate armour      |    60 |   121 |    74 ||   255
Dodge: Dodged            |    80 |    51 |    43 ||   174
